 Dungeon Crawl Stone Soup version 0.18.1-48-g4cf74bf (webtiles) character file.

654 vale the Vexing (level 7, -4/41 HPs)
             Began as an Octopode Enchanter on July 30, 2016.
             Was an Initiate of Dithmenos.
             Killed from afar by a crimson imp (25 damage)
             ... with a wand of lightning
             ... on level 6 of the Dungeon on July 31, 2016.
             The game lasted 00:21:48 (8502 turns).

vale the Vexing (Octopode Enchanter)                Turns: 8502, Time: 00:21:49

Health: -4/41      AC:  1    Str:  7    XL:     7   Next: 54%
Magic:  8/14       EV: 13    Int: 19    God:    Dithmenos [......]
Gold:   251        SH:  0    Dex: 13    Spells: 5 memorised, 4 levels left

rFire  . . .     SeeInvis .     a - +2 dagger
rCold  . . .     Gourm    .     (no shield)
rNeg   . . .     Faith    .     u - +0 hat
rPois  .         Spirit   .     (no amulet)
rElec  .         Dismiss  .     i - ring of resist corrosion
rCorr  +         Reflect  .     (no ring)
SustAt .         Harm     .     (no ring)
MR     .....                    (no ring)
Stlth  ++++......               (no ring)
                                (no ring)
                                (no ring)
                                (no ring)

@: very slightly contaminated, not resistant to hostile enchantments, stealthy
A: almost no armour, amphibious, 8 rings, constrict 8, camouflage 1, gelatinous
body 1
a: Renounce Religion


You were on level 6 of the Dungeon.
You worshipped Dithmenos.
Dithmenos was noncommittal.
You were not hungry.

You visited 2 branches of the dungeon, and saw 7 of its levels.

You collected 251 gold pieces.

Inventory:

Hand Weapons
 a - a +2 dagger (weapon)
 b - a +0 short sword of venom
 g - a +0 spear
 s - a +0 rapier
Missiles
 w - 10 javelins (quivered)
Armour
 u - a +0 hat (worn)
Jewellery
 i - a ring of resist corrosion (left tentacle)
 z - an uncursed ring of ice
Wands
 l - a wand of lightning (8/15)
Scrolls
 f - 3 scrolls of magic mapping {unknown}
Potions
 d - a potion of ambrosia
 e - a potion of heal wounds
 n - a potion of curing
 r - a potion of agility
 t - a potion of flight {unknown}
 v - a potion of magic {unknown}
Books
 y - a book of Maledictions

   Spells                             Type                      Level
   a - Corona                         Hexes                        1
   b - Ensorcelled Hibernation        Hexes/Ice                    2
   c - Confuse                        Hexes                        3
   d - Tukima's Dance                 Hexes                        3
   e - Dazzling Spray                 Conjuration/Hexes            3
Comestibles
 c - 6 bread rations {@e1}
 h - a chunk of flesh {@w0}
 o - a meat ration {@e2}
 q - 2 slices of pizza


   Skills:
 - Level 1.0 Short Blades
 + Level 3.3 Dodging
 - Level 4.9 Stealth
 - Level 5.0 Spellcasting
 * Level 5.8 Hexes


You had 4 spell levels left.
You knew the following spells:

 Your Spells              Type           Power        Failure   Level  Hunger
a - Corona                Hex            ####...      1%          1    None
b - Ensorcelled Hibernat  Hex/Ice        ###...       8%          2    #......
c - Confuse               Hex            ####....     3%          3    ##.....
i - Dazzling Spray        Conj/Hex       ###...       12%         3    ##.....
m - Tukima's Dance        Hex            ####....     3%          3    ##.....


Dungeon Overview and Level Annotations

Branches:
Dungeon (6/15)             Temple (1/1) D:4

Altars:
Dithmenos
Elyvilon
Fedhas
Gozag
Nemelex Xobeh
Okawaru
Pakellas
Qazlal
Ru
Sif Muna
Trog
Vehumet
Xom
Yredelemnul
Zin
The Shining One

Annotations:
D:1 exclusion: hobgoblin
D:2 exclusion: 2 gnolls
D:4 exclusion: phantom
D:5 exclusions: ice beast and phantom
D:6 exclusion: phantom


Innate Abilities, Weirdness & Mutations

You cannot wear most types of armour.
You are amphibious.
You can wear up to eight rings at the same time.
You can use your tentacles to constrict eight enemies at once.
Your skin changes colour to match your surroundings (Stealth).
Your rubbery body absorbs attacks (AC +1).


Message History

A crimson imp comes into view.
You regained 4 mp, and now have 11/14 mp.
A crimson imp is nearby!
A crimson imp is nearby!
There is an open door here.
Aim: a crimson imp (hasn't noticed you, chance to defeat MR: 50%)
The crimson imp resists with significant effort.
The crimson imp zaps a wand.
The bolt of lightning hits you!
* * * LOW HITPOINT WARNING * * *
The bolt of lightning misses you.
It is a wand of lightning.
You take 20 damage, and have 21/41 hp.
MASSIVE DAMAGE!!
You now have 11/14 mp.
Aim: a crimson imp, carrying a wand of lightning {zapped: 1} You miscast Dazzling Spray.
You are very lightly contaminated with residual magic.
Your skin tingles.
The crimson imp picks up a beetle and eats it.
The crimson imp zaps a wand.
The bolt of lightning misses you. The bolt of lightning hits you!
Ouch! That really hurt!
You die...

##.## ##...#####...#
#.# ##.# ##.##...##..#
#.# ### ###.....##.#
##.# #.......#.# #..#
#.......#.# #.##
#.......#.###### #.#
##.....##......# #.#
##...##..####.# #.#
#######@##.#.# #.# #.#
...........#.####.###.#
......................#
...5.......#..##..###.#
#######'####..##.)###.#
##...##...........#
##.....##..##.#.#..#
#.......#..##..###.##
#.......##.##.## ##.#


You could see a crimson imp.

Vanquished Creatures
  2 ogres
  A wyvern zombie (D:6)
  A crimson imp (D:5)
  A giant frog zombie (D:6)
  A hound (D:4)
  A centaur skeleton (D:6)
  2 orc wizards
  2 worker ants
  A hound skeleton (D:4)
  7 adders
  3 gnolls (D:3)
  An adder zombie (D:2)
  2 adder skeletons
  2 worms
  A dart slug (D:2)
  4 giant geckos
  4 orcs
  2 bat skeletons (D:2)
  A bat zombie (D:2)
  5 giant cockroaches
  9 goblins
  10 hobgoblins
  3 jackals (D:5)
  5 kobolds
  5 quokkas
  2 ball pythons
  10 bats
  A giant cockroach zombie (D:2)
  7 giant newts
  A jackal skeleton (D:4)
  A quokka skeleton (D:2)
  2 quokka zombies
  6 rats
106 creatures vanquished.

Vanquished Creatures (others)
  A dancing weapon (D:5)
1 creature vanquished.

Grand Total: 107 creatures vanquished

Notes
Turn   | Place    | Note
--------------------------------------------------------------
     0 | D:1      | vale the Octopode Enchanter began the quest for the Orb.
     0 | D:1      | Reached XP level 1. HP: 11/11 MP: 3/3
   864 | D:1      | Reached XP level 2. HP: 17/17 MP: 3/5
   871 | D:1      | Learned a level 2 spell: Ensorcelled Hibernation
  1704 | D:2      | Reached XP level 3. HP: 21/21 MP: 3/6
  2499 | D:2      | Reached XP level 4. HP: 23/27 MP: 5/7
  2660 | D:2      | Learned a level 3 spell: Confuse
  2847 | D:3      | Found a stormy altar of Qazlal.
  2910 | D:3      | Found a sacrificial altar of Ru.
  2984 | D:3      | Learned a level 3 spell: Dazzling Spray
  3126 | D:3      | Found a bloodstained altar of Trog.
  3347 | D:3      | Found a radiant altar of Vehumet.
  3529 | D:3      | Reached XP level 5. HP: 30/31 MP: 7/9
  4041 | D:4      | Found a glowing silver altar of Zin.
  4711 | D:4      | Reached XP level 6. HP: 31/36 MP: 6/12
  5387 | D:4      | Reached skill level 5 in Spellcasting
  5634 | D:4      | Found a staircase to the Ecumenical Temple.
  5645 | Temple   | Entered the Ecumenical Temple
  6104 | D:4      | Noticed a phantom
  6182 | D:5      | Entered Level 5 of the Dungeon
  6193 | D:5      | Found a white marble altar of Elyvilon.
  6263 | D:5      | Found a basalt altar of Yredelemnul.
  6316 | D:5      | Noticed a phantom
  6580 | D:5      | Noticed an ice beast
  6592 | D:5      | Learned a level 3 spell: Tukima's Dance
  6787 | Temple   | Became a worshipper of Dithmenos the Shadowed
  7004 | D:5      | Found an opulent altar of Gozag.
  7029 | D:5      | Found a blossoming altar of Fedhas.
  7570 | D:6      | Noticed a phantom
  7895 | D:6      | Reached skill level 5 in Hexes
  7895 | D:6      | Reached XP level 7. HP: 22/41 MP: 1/14
  8502 | D:6      | Killed from afar by a crimson imp

Skill      XL: |  1  2  3  4  5  6  7 |
---------------+----------------------+-----
Hexes          | 4 5 |  5.8
Spellcasting   | 3 4 5 |  5.0
Dodging        | 3 |  3.3
Short Blades   | |  1.0
Stealth        | |  4.9

Action                   |  1- 3 |  4- 6 |  7- 9 || total
-------------------------+-------+-------+-------++-------
Melee: Dagger            |    86 |   112 |    17 ||   215
       Constrict         |    18 |    26 |     4 ||    48
       Tentacles         |    10 |    18 |     5 ||    33
       Short sword       |       |    34 |    10 ||    44
Throw: Javelin           |       |    10 |       ||    10
 Cast: Corona            |    38 |    39 |     5 ||    82
       Ensorcelled Hiber |    13 |    23 |     1 ||    37
       Confuse           |       |    14 |     6 ||    20
       Tukima's Dance    |       |     5 |       ||     5
       Dazzling Spray    |       |     1 |     2 ||     3
Evoke: Wand              |       |     1 |       ||     1
  Use: Potion            |     1 |     3 |       ||     4
       Scroll            |       |    11 |       ||    11
 Stab: Sleeping          |    12 |    20 |     1 ||    33
       Paralysed         |       |     1 |       ||     1
       Confused          |       |     2 |     5 ||     7
  Eat: Chunk             |     6 |    16 |       ||    22
       Royal jelly       |       |     1 |       ||     1
       Meat ration       |       |       |     1 ||     1
       Fruit             |       |       |     1 ||     1
Armor: Skin              |    22 |    13 |     2 ||    37
Dodge: Dodged            |    72 |    74 |     4 ||   150
